 Dungeon Crawl Stone Soup version 0.30.0-29-ga12c61a403 (webtiles) character file.

Game seed: 14152295056265127522

64 croobank the Firebug (level 4, 0/32 HPs)
             Began as a Gnoll Fire Elementalist on June 7, 2023.
             Slain by a cerulean imp
             ... wielding a +3 spear
             ... summoned by Natasha
              (3 damage)
             ... on level 2 of the Dungeon.
             The game lasted 00:06:49 (1609 turns).

croobank the Firebug (Gnoll Fire Elementalist)      Turns: 1609, Time: 00:06:50

Health: 0/32       AC:  2    Str:  7    XL:     4   Next: 12%
Magic:  10/11      EV: 13    Int: 16    God:
Gold:   79         SH:  0    Dex: 13    Spells: 7/13 levels left

rFire   . . .        a - +2 dagger (venom)
rCold   . . .        (no shield)
rNeg    . . .        u - +0 robe
rPois   .            (no helmet)
rElec   .            (no cloak)
rCorr   .            (no gloves)
SInv    .            (no boots)
Will    .....        (no amulet)
Stlth   +++          (no ring)
HPRegen 0.25/turn    (no ring)
MPRegen 0.12/turn

%: no passive effects
@: no status effects
A: fangs 1, strong nose, distributed training
a: no special abilities


You were on level 2 of the Dungeon.
You visited 1 branch of the dungeon, and saw 2 of its levels.

You collected 79 gold pieces.

Inventory:

Hand Weapons
 a - a +2 dagger of venom (weapon)
 e - a +0 trident
 h - a +0 short sword
Armour
 u - a +0 robe (worn)
Jewellery
 l - a ring of fire
Scrolls
 f - a scroll of torment {unknown}
 i - a scroll of enchant armour {unknown}
 k - a scroll of poison {unknown}
 n - a scroll of enchant weapon {unknown}
 p - a scroll of fog {unknown}
 q - a scroll of noise {unknown}
 r - a scroll of blinking {unknown}
Potions
 c - a potion of cancellation
 d - a potion of ambrosia {unknown}
 g - a potion of curing {unknown}
 j - a potion of resistance {unknown}
 m - a potion of haste {unknown}
 o - a potion of mutation {unknown}
 s - a potion of degeneration {unknown}
 t - a potion of lignification {unknown}


   Skills:
 + Level 1.1 Fighting
 + Level 1.1 Short Blades
 + Level 1.1 Long Blades
 + Level 1.1 Axes
 + Level 1.1 Maces & Flails
 + Level 1.1 Polearms
 + Level 1.1 Staves
 + Level 1.1 Ranged Weapons
 + Level 1.1 Throwing
 + Level 1.1 Armour
 + Level 4.6 Dodging
 + Level 4.2 Stealth
 + Level 1.1 Shields
 + Level 1.1 Unarmed Combat
 + Level 5.0 Spellcasting
 + Level 2.2 Conjurations
 + Level 0.8 Hexes
 + Level 0.8 Summonings
 + Level 0.8 Necromancy
 + Level 0.8 Translocations
 + Level 0.8 Transmutations
 + Level 5.4 Fire Magic
 + Level 0.8 Ice Magic
 + Level 0.8 Air Magic
 + Level 0.8 Earth Magic
 + Level 0.8 Poison Magic
 + Level 1.2 Invocations
 + Level 1.1 Evocations


You had 7 spell levels left.
You knew the following spells:

 Your Spells              Type           Power      Damage    Failure   Level
a - Foxfire               Conj/Fire      64%        2x1d7     3%          1
b - Scorch                Fire           42%        2d7       2%          2
c - Inner Flame           Hex/Fire       14%        N/A       12%         3

Your spell library contained the following spells:

 Spells                   Type           Power      Damage    Failure   Level
 Summon Small Mammal      Summ           24%        N/A       11%         1
 Volatile Blastmotes      Fire/Tloc      28%        2d12      12%         3
 Ensorcelled Hibernation  Hex/Ice        12%        N/A       16%         2
 Passwall                 Tmut/Erth      5%         N/A       16%         2
 Hailstorm                Conj/Ice       9%         3d4       24%         3
 Flame Wave               Conj/Fire      16%        2d7       30%         4
 Call Canine Familiar     Summ           6%         N/A       32%         3
 Summon Guardian Golem    Hex/Summ       6%         N/A       32%         3
 Swiftness                Air            6%         N/A       32%         3
 Ice Form                 Ice/Tmut       6%         N/A       71%         4
 Simulacrum               Ice/Necr       3%         N/A       100%        6


Dungeon Overview and Level Annotations

Branches:
Dungeon (2/15)

Altars:

Annotations:
D:1 2 transporters
D:2 Natasha


Innate Abilities, Weirdness & Mutations

You have very sharp teeth.
Your uncanny sense of smell can sniff out nearby items.
Your experience applies equally to all skills.


Message History

Casting: Scorch (safe; 2% risk of failure)
Confirm with . or Enter, or press ? or * to list all spells.
You don't know that spell.
Casting: Scorch (safe; 2% risk of failure)
Confirm with . or Enter, or press ? or * to list all spells.
Okay, then.
Okay, then.
Okay, then.
Casting: Scorch (safe; 2% risk of failure)
Confirm with . or Enter, or press ? or * to list all spells.
Flames lash the cerulean imp.
The cerulean imp is burned terribly!
The cerulean imp is almost dead.
The cerulean imp is no longer more vulnerable to fire.
Natasha is no longer more vulnerable to fire.
The cerulean imp hits you from afar with a +1 spear.
The cerulean imp hits you from afar with a +3 spear.
Natasha barely misses you.
The cerulean imp hits you from afar with a +1 spear.
* * * LOW HITPOINT WARNING * * *
You hit Natasha.
Natasha is severely wounded.
The cerulean imp hits you from afar with a +3 spear.
* * * LOW HITPOINT WARNING * * *
Natasha stares at you and mumbles some strange words.
You feel as though you will be slow longer.
The cerulean imp hits you but does no damage.
The cerulean imp hits you from afar with a +3 spear.
* * * LOW HITPOINT WARNING * * *
It was a potion of cancellation.
Your magical effects are unravelling.
You feel magically purged.
You feel yourself speed up. Natasha closely misses you.
The cerulean imp hits you but does no damage. x2
Natasha closely misses you.
The cerulean imp hits you but does no damage.
You hit Natasha.
Natasha is poisoned.
Natasha is almost dead.
The cerulean imp hits you from afar with a +3 spear.
You die...

#.#.# .....≈≈≈≈≈≈....
#.#.. ......≈≈≈≈......
#.##. .......≈≈.......
##.#.. .......≈≈.......
##..#..
#......≈≈......#
#......
#...5.≈≈.....####.###..
#..........###...# #..
#.5h@....###..### #..
####''####...## ##.
#.......### ##
#########


You could see Natasha (very poisoned) and 2 cerulean imps.

Vanquished Creatures
  2 adders (D:2)
  2 dart slugs (D:1)
  4 bats
  3 endoplasms (D:2)
  2 giant cockroaches
  2 goblins
  3 hobgoblins
  4 jackals (D:1)
  A quokka (D:1)
  5 ball pythons
  3 frilled lizards
  3 kobolds
  5 rats
39 creatures vanquished.

Vanquished Creatures (collateral kills)
  8 foxfires (D:1)
8 creatures vanquished.

Vanquished Creatures (others)
  72 foxfires
72 creatures vanquished.

Grand Total: 119 creatures vanquished

Notes
Turn   | Place    | Note
-------+----------+-------------------------------------------
     0 | D:1      | croobank the Gnoll Fire Elementalist began the quest for
                  | the Orb.
     0 | D:1      | Reached XP level 1. HP: 13/13 MP: 6/6
   200 | D:1      | Reached XP level 2. HP: 19/19 MP: 2/7
   219 | D:1      | Learned a level 2 spell: Scorch
   674 | D:1      | Reached skill level 5 in Spellcasting
   674 | D:1      | Reached XP level 3. HP: 25/25 MP: 4/9
  1073 | D:2      | Reached skill level 1 in Invocations
  1174 | D:2      | Reached skill level 1 in Fighting
  1174 | D:2      | Reached skill level 1 in Short Blades
  1174 | D:2      | Reached skill level 1 in Long Blades
  1174 | D:2      | Reached skill level 1 in Axes
  1174 | D:2      | Reached skill level 1 in Maces & Flails
  1174 | D:2      | Reached skill level 1 in Polearms
  1174 | D:2      | Reached skill level 1 in Staves
  1174 | D:2      | Reached skill level 1 in Ranged Weapons
  1174 | D:2      | Reached skill level 1 in Throwing
  1174 | D:2      | Reached skill level 1 in Armour
  1174 | D:2      | Reached skill level 1 in Shields
  1174 | D:2      | Reached skill level 1 in Unarmed Combat
  1174 | D:2      | Reached skill level 1 in Evocations
  1256 | D:2      | Reached XP level 4. HP: 32/32 MP: 6/11
  1338 | D:2      | Learned a level 3 spell: Inner Flame
  1597 | D:2      | Noticed Natasha
  1609 | D:2      | Slain by a cerulean imp

Illustrated notes

Levels and vault maps discovered:
D:1:      spicycebolla_arrival_transporter_tutorial, layout_rooms, serial_bayou,
          serial_bayou_pond_d, serial_bayou_ford_a, serial_bayou_crossing,
          serial_bayou_pond_c, minmay_misc_feat_iff, minivault_27
D:2:      layout_basic, shapermc_ecumenical_altar_pompeii,
          kennysheep_cross_room, hangedman_decor_growths, minmay_circle_x,
          uniq_crazy_yiuf_cottage, uniq_natasha

Skill      XL: |  1  2  3 |
---------------+----------+-----
Conjurations   | 2 |  2.2
Spellcasting   | 5 |  5.0
Invocations    | 1 |  1.2
Fighting       | 1 |  1.1
Short Blades   | 1 |  1.1
Long Blades    | 1 |  1.1
Axes           | 1 |  1.1
Maces & Flails | 1 |  1.1
Polearms       | 1 |  1.1
Staves         | 1 |  1.1
Ranged Weapons | 1 |  1.1
Throwing       | 1 |  1.1
Armour         | 1 |  1.1
Shields        | 1 |  1.1
Unarmed Combat | 1 |  1.1
Evocations     | 1 |  1.1
Dodging        | |  4.6
Stealth        | |  4.2
Hexes          | |  0.8
Summonings     | |  0.8
Necromancy     | |  0.8
Translocations | |  0.8
Transmutations | |  0.8
Fire Magic     | |  5.4
Ice Magic      | |  0.8
Air Magic      | |  0.8
Earth Magic    | |  0.8
Poison Magic   | |  0.8

Action                     |  1- 3 |  4- 6 || total
---------------------------+-------+-------++-------
  Melee: Trident           |     1 |       ||     1
         Short sword       |     2 |       ||     2
         Dagger            |       |     3 ||     3
   Cast: Foxfire           |    45 |     5 ||    50
         Scorch            |    12 |     7 ||    19
    Use: Potion            |       |     2 ||     2
 Armour: Robe              |       |     4 ||     4
  Dodge: Dodged            |     2 |     6 ||     8
